 Dungeon Crawl Stone Soup version 0.20-a0-537-g052e6ba (webtiles) character file.

161 Alarkh the Chopper (level 5, -1/41 HPs)
             Began as a Demonspawn Monk on Jan 28, 2017.
             Was a Believer of Okawaru.
             Slain by Grinder (3 damage)
             ... on level 3 of the Dungeon.
             The game lasted 00:02:57 (2872 turns).

Alarkh the Chopper (Demonspawn Monk)                Turns: 2872, Time: 00:02:57

Health: -1/41      AC:  5    Str:  8 (11) XL:     5   Next: 18%
Magic:  0/5        EV: 13    Int: 10 (12) God:    Okawaru [**....]
Gold:   240        SH:  0    Dex: 13 (16) Spells: 4/4 levels left

rFire    . . .     SeeInvis .   a - +0 hand axe
rCold    . . .     Gourm    .   b - +1 robe
rNeg     + . .     Faith    .   (no shield)
rPois    .         Spirit   +   (no helmet)
rElec    .         Reflect  .   (no cloak)
rCorr    .         Harm     .   (no gloves)
MR       .....                  (no boots)
Stlth    ++........             d - amulet of guardian spirit
Regen    0.2/turn               (no ring)
                                g - ring of positive energy

@: no status effects
A: talons 1, icy blue scales 1
a: Heroism, Renounce Religion


You were on level 3 of the Dungeon.
You worshipped Okawaru.
Okawaru was pleased with you.
You were not hungry.

You visited 1 branch of the dungeon, and saw 3 of its levels.

You collected 240 gold pieces.

Inventory:

Hand Weapons
 a - a +0 hand axe (weapon)
Armour
 b - a +1 robe (worn)
Jewellery
 d - an amulet of guardian spirit (around neck)
 g - a ring of positive energy (left hand)
 t - an uncursed amulet of rage {unknown}
Scrolls
 e - 2 scrolls of teleportation
 h - a scroll of magic mapping {unknown}
 j - a scroll of random uselessness {unknown}
 o - a scroll of enchant armour
 p - a scroll of fog {unknown}
 s - a scroll of identify {unknown}
Potions
 n - a potion of invisibility {unknown}
 u - a potion of agility {unknown}
Comestibles
 c - 4 bread rations
 f - 2 chunks of flesh
 q - a fruit
 r - a meat ration


   Skills:
 - Level 3.0 Fighting
 + Level 5.4 Axes
 - Level 2.6 Dodging
 - Level 1.7 Stealth


You had 4 spell levels left.
You didn't know any spells.

Dungeon Overview and Level Annotations

Branches:
Dungeon (3/15)

Altars:
Dithmenos
Elyvilon
Hepliaklqana
Kikubaaqudgha
Okawaru
Qazlal
Ru
Xom

Annotations:
D:3 Grinder


Innate Abilities, Weirdness & Mutations

You have sharp toenails.
You are partially covered in icy blue scales. (AC +2)


Message History

You are too injured to fight recklessly!
You are too injured to fight recklessly!
You are too injured to fight recklessly!
It was a potion of flight.
You feel very buoyant.
You fly up into the air.
Grinder hits you!
* * * LOW HITPOINT WARNING * * *
You writhe in agony.
* * * LOW HITPOINT WARNING * * *
It was a potion of degeneration.
There was something very wrong with that liquid.
You feel weakened.
You feel dopey.
You feel clumsy.
Grinder says, "Just stop there for a second..."
Grinder barely misses you.
It was a potion of cancellation.
Your magical effects are unravelling.
You feel magically purged.
You float gracefully downwards.
Grinder hits you.
* * * LOW HITPOINT WARNING * * *
You writhe in agony.
You die...

.##.# ###.#
####.###### ....##
##. ..# #.#
###..###<.####
###.# #...##.#
##...# ####..##.#
##..### .......#.##
#.<## .....[....##
##.##
...........#####.5#
................@##
...........#....##
.......###......#
.......#####.....
........###..###..
............## #..
............ ###
............
............


You could see Grinder.

Vanquished Creatures
  An iguana (D:3)
  4 adders
  An ooze (D:2)
  A worm (D:2)
  A dart slug (D:2)
  4 leopard geckos
  9 orcs (D:3)
  3 giant cockroaches
  9 goblins
  12 hobgoblins
  7 jackals
  3 kobolds
  A ball python (D:2)
  7 bats
  2 frilled lizards
  7 rats
72 creatures vanquished.

Notes
Turn   | Place    | Note
-------+----------+-------------------------------------------
     0 | D:1      | Alarkh the Demonspawn Monk began the quest for the Orb.
     0 | D:1      | Reached XP level 1. HP: 18/18 MP: 1/1
    99 | D:1      | Reached skill level 3 in Axes
   231 | D:1      | Gained mutation: You are partially covered in icy blue scales. (AC +2) [demonic ancestry]
   231 | D:1      | Reached XP level 2. HP: 23/24 MP: 2/2
   546 | D:2      | Found a faded altar of an unknown god.
   587 | D:2      | Reached XP level 3. HP: 25/29 MP: 3/3
   662 | D:2      | Reached skill level 4 in Axes
  1189 | D:2      | Reached XP level 4. HP: 23/35 MP: 4/4
  2022 | D:3      | Reached skill level 5 in Axes
  2176 | D:3      | Found a shimmering altar of Xom.
  2178 | D:3      | Found an iron altar of Okawaru.
  2182 | D:3      | Found a hazy altar of Hepliaklqana.
  2182 | D:3      | Found a shadowy altar of Dithmenos.
  2183 | D:3      | Found an ancient bone altar of Kikubaaqudgha.
  2183 | D:3      | Found a stormy altar of Qazlal.
  2183 | D:3      | Found a white marble altar of Elyvilon.
  2183 | D:3      | Found a sacrificial altar of Ru.
  2188 | D:3      | Became a worshipper of Warmaster Okawaru
  2188 | D:3      | Reached * piety under Okawaru
  2188 | D:3      | Reached ** piety under Okawaru
  2305 | D:3      | HP: 1/35 [orc/morningstar (6)]
  2770 | D:3      | Gained mutation: You have sharp toenails. [demonic ancestry]
  2770 | D:3      | Reached XP level 5. HP: 31/41 MP: 2/5
  2857 | D:3      | Noticed Grinder
  2872 | D:3      | HP: 2/41 [Grinder (5)]
  2872 | D:3      | Slain by Grinder

Vault maps used:
D:1:      scummos_arrival_simple_fountains
D:2:      chequers_ecumenical_altar_simple, first_bread, minmay_pentomino_s2
D:3:      grunt_temple_overflow_open, uniq_grinder

Skill      XL: |  1  2  3  4 |
---------------+-------------+-----
Axes           | 3 4 5 |  5.4
Fighting       | |  3.0
Dodging        | |  2.6
Stealth        | |  1.7

Action                   |  1- 3 |  4- 6 || total
-------------------------+-------+-------++-------
Melee: Hand axe          |   145 |   137 ||   282
       Kick              |       |     3 ||     3
  Use: Scroll            |       |     2 ||     2
       Potion            |       |     4 ||     4
 Stab: Sleeping          |     3 |     2 ||     5
  Eat: Chunk             |     1 |     6 ||     7
Armor: Robe              |    34 |    29 ||    63
Dodge: Dodged            |   126 |    90 ||   216
